 Dungeon Crawl Stone Soup version 0.32-a0-913-g739538afd8 (webtiles) character file.

Game seed: 17493337590092399171

19826 Chimkentus the Bewitcher (level 12, -14/56 HPs)
             Began as a Spriggan Enchanter on Apr 9, 2024.
             Was a Believer of Sif Muna.
             Killed from afar by an orc sorcerer (31 damage)
             ... with a bolt of fire
             ... on level 2 of the Orcish Mines.
             The game lasted 01:26:57 (13971 turns).

Chimkentus the Bewitcher (Spriggan Enchanter)      Turns: 13971, Time: 01:26:57

Health: -14/56     AC: 10    Str:  4    XL:     12   Next: 40%
Magic:  17/29      EV: 16    Int: 28    God:    Sif Muna [**....]
Gold:   449        SH:  0    Dex: 15    Spells: 20/35 levels left

rFire   . . .        p - +2 dagger (drain)
rCold   . . .        (no shield)
rNeg    . . .        I - +1 acid dragon scales
rPois   .            (helmet restricted)
rElec   .            v - +2 cloak
rCorr   +            (gloves unavailable)
SInv    +            (boots unavailable)
Will    ++...        d - amulet of regeneration
Stlth   ++++         U - +6 ring of intelligence
HPRegen 1.09/turn    M - ring of flight
MPRegen 0.21/turn

%: no passive effects
@: flying, very quick
A: very small, no large weapons, unfitting armour, see invisible, speed 3
a: Renounce Religion, Channel Magic


You were on level 2 of the Orcish Mines.
You worshipped Sif Muna.
Sif Muna was pleased with you.
You visited 4 branches of the dungeon, and saw 14 of its levels.

You collected 1253 gold pieces.
You spent 804 gold pieces at shops.

Inventory:

Hand Weapons
 a - a +1 dagger
 e - a +0 heavy sling
 p - a +2 dagger of draining (weapon)
 u - a +4 quarterstaff of chaos
 w - a +1 dagger of venom
 G - a +3 falchion
 H - a +0 dagger of protection
 K - the +7 flail of Res Ipsa Loquitur {protect, rElec rPois rC++ Str-5}
   (You found it on level 8 of the Dungeon)

   Str-5:     It affects your strength (-5).
   rC++:      It greatly protects you from cold.
   rElec:     It insulates you from electricity.
   rPois:     It protects you from poison.
Missiles
 b - 2 throwing nets
 i - 8 poisoned darts
 V - 6 darts of dispersal
Armour
 v - a +2 cloak (worn)
 I - +1 acid dragon scales (worn)
 R - a +0 troll leather armour
Jewellery
 d - an amulet of regeneration (around neck)
 g - a ring of resist corrosion
 M - a ring of flight (right hand)
 U - a +6 ring of intelligence (left hand)
Wands
 t - a wand of charming (3)
 y - a wand of polymorph (8)
 J - a wand of digging (14)
 O - a wand of flame (62)
 P - a wand of roots (3)
Scrolls
 f - 3 scrolls of silence
 h - 2 scrolls of revelation
 j - 2 scrolls of summoning
 l - 2 scrolls of immolation
 m - 4 scrolls of poison
 o - 3 scrolls of fog
 q - 3 scrolls of teleportation
 B - 2 scrolls of vulnerability {unknown}
 C - a scroll of brand weapon
 N - 2 scrolls of fear
 Q - 2 scrolls of blinking
 S - 2 scrolls of enchant weapon {unknown}
Potions
 c - 4 potions of invisibility
 k - 4 potions of curing
 n - 3 potions of mutation {unknown}
 r - a potion of degeneration {unknown}
 x - 2 potions of lignification {unknown}
 z - a potion of berserk rage {unknown}
 A - a potion of magic {unknown}
 D - a potion of ambrosia {unknown}
 E - 3 potions of cancellation {unknown}
 F - 3 potions of heal wounds
 L - a potion of might {unknown}
 T - a potion of haste


   Skills:
 + Level 3.1 Fighting
 + Level 5.1 Short Blades
 + Level 1.5 Throwing
 + Level 2.9 Armour
 + Level 5.8 Dodging
 - Level 9.2 Stealth
 - Level 12.3 Spellcasting
 + Level 2.1 Conjurations
 * Level 16.7 Hexes
 - Level 0.8 Ice Magic
 * Level 4.1 Invocations
 + Level 1.5 Evocations


You had 20 spell levels left.
You knew the following spells:

 Your Spells              Type           Power      Damage    Failure   Level
a - Ensorcelled Hibernat  Hex/Ice        100%       N/A       1%          2
b - Confusing Touch       Hex            84%        N/A       1%          3
c - Tukima's Dance        Hex            84%        N/A       1%          3
d - Dazzling Flash        Conj/Hex       100%       N/A       1%          3
e - Cause Fear            Hex            42%        N/A       1%          4

Your spell library contained the following spells:

 Spells                   Type           Power      Damage    Failure   Level
 Inner Flame              Hex/Fire       59%        N/A       1%          3
 Ozocubu's Armour         Ice            22%        N/A       16%         3
 Fugue of the Fallen      Necr           17%        N/A       22%         3
 Flame Wave               Conj/Fire      23%        2d8       43%         4
 Sticky Flame             Fire/Alch      17%        2d5       58%         4
 Fireball                 Conj/Fire      11%        3d7       80%         5
 Borgnjor's Vile Clutch   Necr/Erth      8%         N/A       90%         5
 Manifold Assault         Tloc           8%         N/A       100%        7
 Dragon's Call            Summ           8%         N/A       100%        9


Dungeon Overview and Level Annotations

Branches:
Dungeon (10/15)            Temple (1/1) D:6            Lair (1/5) D:10
    Orc (2/2) D:10            Elf (0/3) Orc:2

Altars:
Ashenzari
Cheibriados
Dithmenos
Elyvilon
Fedhas
Gozag
Hepliaklqana
Kikubaaqudgha
Makhleb
Nemelex Xobeh
Okawaru
Qazlal
Ru
Sif Muna
Trog
Uskayaw
Vehumet
Wu Jian
Xom
Yredelemnul
Zin
The Shining One
Beogh

Shops:
D:9 =   D:10 :   Orc:2 =[?!

Portals:
Pandemonium: Orc:2


Innate Abilities, Weirdness & Mutations

You are very small and have problems with some larger weapons.
You are too small for most types of armour.
You have supernaturally acute eyesight. (SInv)
You cover ground extremely quickly. (Speed+++)


Message History

An orc sorcerer comes into view. It is wielding a +0 dagger.
The orc high priest mumbles some strange prayers to Beogh against you.
You resist with almost no effort.
Casting: Tukima's Dance (safe; 1% risk of failure)
Confirm with . or Enter, or press ? or * to list all spells.
Casting: Dazzling Flash (safe; 1% risk of failure)
Press: ? - help, Dir - look around, f - activate The orc high priest is dazzled.
The orc sorcerer is dazzled. x2
The orc sorcerer hits you with a +0 dagger.
Unknown command.
You hit the orc high priest. You drain the orc high priest.
The orc high priest is heavily wounded.
The orc sorcerer hits you but does no damage.
The orc high priest completely misses you.
You hit the orc high priest.
The orc high priest is heavily wounded.
The orc sorcerer misses you.
You completely miss the orc high priest.
The orc high priest is heavily wounded.
The orc sorcerer hits you but does no damage.
The orc high priest hits you with a +2 heavy halberd!!
You catch the helpless orc high priest completely off-guard!
You impale the orc high priest!!
The orc high priest is almost dead.
The orc sorcerer is no longer blind. x2
You strike the helpless orc high priest from behind!
You impale the orc high priest!!
You kill the orc high priest!
Sif Muna accepts your kill.
Casting: Dazzling Flash (safe; 1% risk of failure)
Confirm with . or Enter, or press ? or * to list all spells.
Casting: Dazzling Flash (safe; 1% risk of failure)
Press: ? - help, Dir - look around, f - activate The orc sorcerer is dazzled. x2
The orc sorcerer points at you and mumbles some strange words.
The bolt of fire hits you!!
The orc sorcerer points at you and mumbles some strange words.
The bolt of fire hits you!!
Ouch! That really hurt!
You die...

##.###.[## ####.....
##...###))## ##....
##.#.#.###.[## ##[[.
##.))#.)[###.)## ##.#[.
##...###)).###).## #.....
##...##.##[)[###.)###.....
##.))##...##.)....).###....
##...##.)#.o##...#....###...
##.#.##).###@)##....#...###..
##......)##.∩#oo##....(#.∩###.
#.....#.##∩.. ...##..#.....###
##.......##.∩ .(##.....#.∩###.
##.#.##..###..##....#...###..
##...##..#..##...#....###...
##...##...##.)[))...###....
##...##.##..)###.)###.....
##...###...###.)###......


You could see 3 orc sorcerers.

Vanquished Creatures
  A demonspawn (Orc:2)
  A two-headed ogre (Orc:1)
  4 orc high priests (Orc:2)
  An orc knight (Orc:2)
  5 orc sorcerers
  3 kobold blastminers (Orc:2)
  An orange demon (Orc:2)
  An unseen horror (D:10)
  Prince Ribbit (D:7)
  A troll (Orc:2)
  A blink frog (D:10)
  3 wyverns
  A basilisk (Lair:1)
  A wraith (D:10)
  5 yaks (D:10)
  A vampire (D:9)
  2 wargs
  3 steam dragons
  A chaos spawn (Orc:2)
  An acid dragon (D:7)
  9 orc warriors
  2 black bears (D:10)
  2 ogres
  4 centaurs
  2 phantoms
  3 bullfrogs
  3 scorpions
  2 wights (D:6)
  A ballistomycete (D:5)
  11 killer bees
  A howler monkey (D:7)
  A bombardier beetle (D:4)
  A gnoll bouda (D:9)
  5 hounds
  A jelly (D:3)
  15 orc priests
  Crazy Yiuf (D:2)
  4 sleepcaps
  2 iguanas
  3 orc wizards
  3 gnolls (D:6)
  4 adders
  A shadow imp (D:8)
  3 white imps
  2 ufetubi
  2 dart slugs (D:1)
  4 ribbon worms
  23 orcs
  6 ball pythons
  8 bats
  An endoplasm (D:4)
  2 giant cockroaches
  10 goblins
  9 hobgoblins
  4 jackals (D:4)
  7 kobolds
  2 quokkas
  6 frilled lizards
  7 rats
215 creatures vanquished.

Vanquished Creatures (collateral kills)
  Harold (Orc:1)
  A two-headed ogre (D:9)
  An orc knight (Orc:2)
  An ugly thing (D:9)
  An orc sorcerer (Orc:1)
  Maurice (Orc:1)
  A kobold blastminer (Orc:1)
  A troll (Orc:2)
  12 orc warriors
  An ogre (D:5)
  A phantom (D:7)
  A kobold brigand (D:9)
  5 wights
  4 orc priests
  A gnoll bouda (D:7)
  3 orc wizards
  9 gnolls
  24 orcs
69 creatures vanquished.

Vanquished Creatures (others)
  16 dancing weapons
  An orc knight (Orc:2)
  An orc warrior (Orc:2)
18 creatures vanquished.

Grand Total: 302 creatures vanquished

Notes
Turn   | Place    | Note
-------+----------+-------------------------------------------
     0 | D:1      | Chimkentus the Spriggan Enchanter began the quest for the
                  | Orb.
     0 | D:1      | Reached XP level 1. HP: 9/9 MP: 5/5
    60 | D:1      | You fall into a shaft and drop 1 floor!
   317 | D:1      | Reached XP level 2. HP: 14/14 MP: 6/6
   320 | D:1      | Learned a level 2 spell: Ensorcelled Hibernation
   765 | D:1      | Reached skill level 4 in Hexes
  1163 | D:2      | Reached skill level 1 in Fighting
  1253 | D:2      | Reached XP level 3. HP: 18/18 MP: 8/8
  1258 | D:2      | Learned a level 3 spell: Confusing Touch
  1896 | D:2      | Found a runed translucent door.
  1897 | D:2      | Noticed Crazy Yiuf
  1964 | D:2      | Killed Crazy Yiuf
  2063 | D:2      | Learned a level 3 spell: Tukima's Dance
  2079 | D:3      | Reached XP level 4. HP: 12/22 MP: 1/9
  2444 | D:3      | Found a snail-covered altar of Cheibriados.
  2447 | D:3      | Found a sparkling altar of Nemelex Xobeh.
  2712 | D:3      | Noticed Sigmund
  3106 | D:3      | Sigmund changed into Sigmund the killer bee
  3106 | D:3      | Noticed Sigmund
  3120 | D:3      | HP: 1/22 [Sigmund the killer bee (8)]
  3135 | D:3      | Killed Sigmund the killer bee
  3136 | D:3      | Reached skill level 5 in Hexes
  3136 | D:3      | Reached XP level 5. HP: 18/25 MP: 1/11
  4057 | D:5      | Entered Level 5 of the Dungeon
  4067 | D:5      | Found a shimmering altar of Xom.
  4100 | D:5      | Noticed a phantom
  4117 | D:5      | Killed a phantom
  4118 | D:5      | Reached XP level 6. HP: 29/30 MP: 6/13
  4354 | D:5      | Reached skill level 6 in Hexes
  4528 | D:5      | Got the Teachings on Hyperborean Necromancy
  4533 | D:5      | Learned a level 3 spell: Dazzling Flash
  4684 | D:5      | Reached XP level 7. HP: 34/34 MP: 9/14
  5140 | D:6      | Reached skill level 5 in Spellcasting
  5218 | D:6      | Reached skill level 7 in Hexes
  5451 | D:6      | Found a staircase to the Ecumenical Temple.
  5460 | Temple   | Entered the Ecumenical Temple
  5480 | D:6      | Found a basalt altar of Yredelemnul.
  5587 | D:6      | Reached XP level 8. HP: 39/39 MP: 15/18
  5626 | D:6      | Reached skill level 8 in Hexes
  6251 | D:7      | Noticed Prince Ribbit
  6525 | D:7      | Reached skill level 9 in Hexes
  6791 | D:7      | Killed Prince Ribbit
  6968 | D:7      | Reached skill level 10 in Hexes
  7022 | D:7      | Reached XP level 9. HP: 43/43 MP: 7/21
  7299 | D:7      | Noticed Maggie
  7300 | D:7      | Maggie changed into Maggie the acid dragon
  7300 | D:7      | Noticed Maggie
  7330 | D:7      | Killed Maggie the acid dragon
  7483 | D:8      | Identified the +7 flail of Res Ipsa Loquitur {protect,
                  | rElec rPois rC++ Str-5}
  7525 | D:8      | Reached skill level 11 in Hexes
  7768 | D:9      | Noticed a green ugly thing
  7835 | D:9      | Noticed a two-headed ogre
  7878 | D:9      | Killed a two-headed ogre
  7879 | D:9      | Reached skill level 5 in Dodging
  7881 | D:9      | Killed a green ugly thing
  7882 | D:9      | Reached skill level 1 in Throwing
  7882 | D:9      | Reached skill level 12 in Hexes
  8030 | D:9      | Found Geygg's Jewellery Emporium.
  8129 | D:9      | Reached skill level 10 in Spellcasting
  8169 | D:9      | Reached XP level 10. HP: 26/47 MP: 2/25
  8318 | D:9      | Reached skill level 5 in Stealth
  8981 | D:8      | Found a hazy altar of Hepliaklqana.
  9487 | D:9      | Learned a level 4 spell: Cause Fear
  9488 | D:10     | Entered Level 10 of the Dungeon
  9539 | D:10     | Found a staircase to the Lair.
  9797 | D:10     | Found a staircase to the Orcish Mines.
 10049 | D:10     | Reached skill level 13 in Hexes
 10510 | D:10     | Found a shadowy altar of Dithmenos.
 10513 | D:10     | Found a shimmering blue altar of Sif Muna.
 10518 | D:10     | Found a glowing silver altar of Zin.
 10523 | D:10     | Became a worshipper of Sif Muna the Loreminder
 11026 | D:10     | Found Wyenuel's Book Shoppe.
 11065 | D:9      | Bought a +6 ring of intelligence for 504 gold pieces
 11187 | Lair:1   | Entered Level 1 of the Lair of Beasts
 11259 | Orc:1    | Entered Level 1 of the Orcish Mines
 11259 | Orc:1    | Noticed Harold
 11265 | Orc:1    | Killed Harold
 11266 | Orc:1    | Reached skill level 1 in Armour
 11266 | Orc:1    | Reached XP level 11. HP: 51/51 MP: 20/28
 11321 | Orc:1    | Noticed an orc sorcerer
 11330 | Orc:1    | Killed an orc sorcerer
 11434 | Orc:2    | Entered Level 2 of the Orcish Mines
 11434 | Orc:2    | Found a roughly hewn altar of Beogh.
 11466 | Orc:2    | Found a staircase to the Elven Halls.
 11973 | Orc:2    | Reached skill level 1 in Invocations
 12203 | Orc:1    | Noticed an orc sorcerer
 12206 | Orc:1    | Noticed Maurice
 12208 | Orc:1    | Killed an orc sorcerer
 12209 | Orc:1    | Reached skill level 14 in Hexes
 12209 | Orc:1    | Reached * piety under Sif Muna
 12481 | Orc:1    | Killed Maurice
 12703 | Orc:1    | Noticed a two-headed ogre
 12712 | Orc:1    | Killed a two-headed ogre
 12852 | Orc:2    | Noticed an orc knight
 13032 | Orc:2    | Killed an orc knight
 13033 | Orc:2    | Reached skill level 1 in Conjurations
 13047 | Orc:2    | Reached skill level 15 in Hexes
 13135 | Orc:2    | Found Tuym Usi's Magic Scroll Shop.
 13156 | Orc:2    | Found Gialua's Distillery.
 13170 | Orc:2    | Bought a scroll of enchant armour for 75 gold pieces
 13173 | Orc:2    | Bought a potion of haste for 150 gold pieces
 13173 | Orc:2    | Bought a potion of heal wounds for 75 gold pieces
 13189 | Orc:2    | Reached ** piety under Sif Muna
 13333 | Orc:2    | Noticed an orc sorcerer
 13339 | Orc:2    | Killed an orc sorcerer
 13473 | Orc:2    | Noticed an orc knight
 13493 | Orc:2    | Killed an orc knight
 13495 | Orc:2    | Noticed an orc sorcerer
 13499 | Orc:2    | Killed an orc sorcerer
 13505 | Orc:2    | Reached XP level 12. HP: 55/56 MP: 19/29
 13592 | Orc:2    | Noticed an orc high priest
 13601 | Orc:2    | Reached skill level 1 in Evocations
 13700 | Orc:2    | Noticed an orc high priest
 13743 | Orc:2    | Killed an orc high priest
 13744 | Orc:2    | Reached skill level 5 in Short Blades
 13744 | Orc:2    | Reached skill level 16 in Hexes
 13810 | Orc:2    | Noticed an orc high priest
 13820 | Orc:2    | Killed an orc high priest
 13825 | Orc:2    | Killed an orc high priest
 13946 | Orc:2    | Noticed a demonspawn
 13956 | Orc:2    | Noticed an orc high priest
 13962 | Orc:2    | Killed a demonspawn
 13963 | Orc:2    | Found Tulafy's Jewellery Emporium.
 13963 | Orc:2    | Found a one-way gate leading to the halls of Pandemonium.
 13963 | Orc:2    | Found Buqolukh's Antique Armour Shoppe.
 13970 | Orc:2    | Killed an orc high priest
 13971 | Orc:2    | Killed from afar by an orc sorcerer

Illustrated notes

Levels and vault maps discovered:
D:1:      amcnicky_arrival_gap_in_the_tavern_cellar, layout_basic
D:2:      layout_loops_cross, chequers_arboretum, uniq_crazy_yiuf_cottage
D:3:      layout_rooms, grunt_temple_overflow_open, minmay_surrounded,
          uniq_sigmund
D:4:      layout_loops_ring, chequers_big_river, minmay_ruptured
D:5:      layout_basic, mainiacjoe_overflow_cross_hatched
D:6:      layout_loops_ring, overflow_temple_1_default, minmay_temple_entry_grid
D:7:      layout_rooms, minmay_circle_x, uniq_prince_ribbit1, uniq_maggie
D:8:      layout_cave_pools, pf_just_have_faith
D:9:      layout_rooms, serial_shops, kennysheep_little_box
D:10:     layout_loops_corners, grunt_temple_overflow_diamond,
          david_lair_generic, david_orc_1_choice, serial_shops, kennysheep_mini
Temple:   zaba_magenta_temple
Lair:1:   layout_loops_ring, ebering_ghost_reflecting_pool
Orc:1:    layout_diamond_mine, uniq_maurice, uniq_harold
Orc:2:    pf_orc_diabolical, layout_caves, special_room, basic_altar

Skill      XL: |  1  2  3  4  5  6  7  8  9 10 11 12 |
---------------+-------------------------------------+-----
Hexes          | 4 5 6 7 10 12 13 15 16 | 16.7
Dodging        | 3 4 5 |  5.8
Fighting       | 1 2 3 |  3.1
Spellcasting   | 3 4 6 7 10 12 | 12.3
Short Blades   | 3 4 5 |  5.1
Throwing       | 1 |  1.5
Stealth        | 9 |  9.2
Armour         | 1 2 |  2.9
Invocations    | 3 4 |  4.1
Conjurations   | 1 2 |  2.1
Evocations     | 1 |  1.5
Ice Magic      | |  0.8

Action                     |  1- 3 |  4- 6 |  7- 9 | 10-12 || total
---------------------------+-------+-------+-------+-------++-------
  Melee: Dagger            |    51 |   106 |   198 |   248 ||   603
  Throw: Stone             |     6 |     5 |       |       ||    11
         Dart              |     9 |       |     7 |     9 ||    25
   Cast: Ensorcelled Hiber |    11 |    41 |    52 |    62 ||   166
         Confusing Touch   |       |     2 |    19 |     2 ||    23
         Tukima's Dance    |       |     4 |    35 |    65 ||   104
         Dazzling Flash    |       |       |     6 |    61 ||    67
  Evoke: Wand              |       |     4 |     1 |    14 ||    19
    Use: Scroll            |     1 |     8 |     1 |     6 ||    16
         Potion            |       |     3 |     2 |     2 ||     7
   Stab: Sleeping          |    19 |    27 |    31 |    50 ||   127
         Distracted        |     1 |       |       |     2 ||     3
         Confused          |       |     2 |    16 |     2 ||    20
         Invisible         |       |       |       |    28 ||    28
 Armour: Robe              |     7 |    32 |    68 |    14 ||   121
         Acid dragon scale |       |       |       |   104 ||   104
  Dodge: Dodged            |    25 |    78 |   165 |   224 ||   492

Table legend: (Time is in decaauts)
 A = Elapsed time spent in this place.
 B = Non-inter-level travel time spent in this place.
 C = Inter-level travel time spent in this place.
 D = Time resting spent in this place.
 E = Time spent auto-exploring this place.
 F = Levels seen in this place.
 G = Mean time per level.
                   A        B        C        D        E       F      G
               +--------+--------+--------+--------+--------+-----+--------+
         Total |  10614 |  10059 |    555 |   1134 |   6245 |  14 |  758.1 |
       Dungeon |   8518 |   7985 |    533 |    588 |   5517 |  10 |  851.8 |
        Temple |      1 |      1 |      0 |      0 |      0 |   1 |    1.0 |
          Lair |     18 |     18 |      0 |      0 |      0 |   1 |   18.0 |
  Orcish Mines |   2075 |   2053 |     22 |    546 |    728 |   2 | 1037.5 |
               +--------+--------+--------+--------+--------+-----+--------+

Top non-repeatable levels by time:
   Orc:2: 1638 daAuts
    D:10: 1337 daAuts
     D:6: 1149 daAuts
     D:3: 1035 daAuts
     D:9: 852 daAuts
     D:2: 845 daAuts
     D:7: 838 daAuts
     D:5: 768 daAuts
     D:1: 606 daAuts
     D:4: 561 daAuts
     D:8: 524 daAuts
   Orc:1: 437 daAuts
  Lair:1: 18 daAuts
  Temple: 1 daAuts
